 Dungeon Crawl Stone Soup version 0.27-a0-1332-g84bddb5ca7 (webtiles) character file.

Game seed: 93310738947081549

7891 ploum the Cleaver (level 11, -2/99 HPs)
             Began as a Deep Dwarf Fighter on June 25, 2021.
             Was an Elder of Nemelex Xobeh.
             Killed from afar by an electric eel (11 damage)
             ... with a bolt of electricity
             ... on level 10 of the Dungeon.
             The game lasted 00:34:40 (7458 turns).

ploum the Cleaver (Deep Dwarf Fighter)              Turns: 7458, Time: 00:34:42

Health: -2/99      AC:  9    Str: 29    XL:     11   Next: 2%
Magic:  2/2        EV: 14    Int:  9    God:    Nemelex Xobeh [****..]
Gold:   485        SH: 19    Dex: 12    Spells: 10/10 levels left

rFire    . . .     SeeInvis .   y - +0 broad axe
rCold    . . .     Faith    .   k - +0 tower shield
rNeg     . . .     Spirit   .   i - +3 ring mail
rPois    .         Reflect  .   (no helmet)
rElec    .         Harm     .   (no cloak)
rCorr    .         Rampage  .   (no gloves)
Will     +....                  (no boots)
Stlth    +.........             t - amulet of magic regeneration
HPRegen  0.00/turn              n - +4 ring of evasion
MPRegen  0.33/turn              x - +6 ring of strength

@: no status effects
A: damage resistance, heal wounds, sense surroundings 2, no regeneration
a: Heal Wounds, Renounce Religion, Draw Escape, Draw Destruction, Draw
Summoning, Triple Draw, Deal Four


You were on level 10 of the Dungeon.
You worshipped Nemelex Xobeh.
Nemelex Xobeh was greatly pleased with you.
You visited 1 branch of the dungeon, and saw 10 of its levels.

You collected 485 gold pieces.

Inventory:

Hand Weapons
 a - a +0 war axe
 y - a +0 broad axe (weapon)
 C - a +1 flail
 E - a +4 halberd of freezing
Armour
 b - a +0 scale mail
 c - a +0 kite shield
 i - a +3 ring mail (worn)
 j - a +0 kite shield
 k - a +0 tower shield (worn)
 B - +0 steam dragon scales
Jewellery
 n - a +4 ring of evasion (left hand)
 t - an amulet of magic regeneration (around neck)
 v - a ring of magical power
 w - a ring of protection from cold
 x - a +6 ring of strength (right hand)
 L - an amulet of reflection
Wands
 F - a wand of flame (29)
 G - a wand of mindburst (33)
Scrolls
 e - 3 scrolls of fog
 f - a scroll of noise {unknown}
 l - a scroll of teleportation {unknown}
 m - a scroll of blinking {unknown}
 o - 2 scrolls of immolation {unknown}
 p - 3 scrolls of brand weapon
 q - 2 scrolls of silence {unknown}
 s - 2 scrolls of fear {unknown}
 H - 2 scrolls of vulnerability {unknown}
 I - a scroll of enchant armour {unknown}
 K - a scroll of torment {unknown}
 M - a scroll of identify
Potions
 d - a potion of might
 g - 2 potions of heal wounds
 h - a potion of magic {unknown}
 r - 2 potions of lignification {unknown}
 u - 3 potions of attraction
 z - a potion of brilliance {unknown}
 A - 4 potions of curing
 D - a potion of degeneration {unknown}
 J - 2 potions of haste


   Skills:
 + Level 6.4 Fighting
 + Level 11.6 Axes
 + Level 8.2 Armour
 + Level 5.0 Dodging
 + Level 9.8 Shields


You had 10 spell levels left.
You didn't know any spells.
Your spell library contained the following spells:

 Spells                   Type           Power      Damage    Failure   Level
 Sandblast                Erth           0%         2d4       99%         1
 Passwall                 Tmut/Erth      0%         N/A       99%         2
 Stone Arrow              Conj/Erth      0%         3d7       100%        3
 Petrify                  Tmut/Erth      0%         N/A       100%        4
 Lee's Rapid Deconstruct  Erth           0%         3d5*      100%        5


Dungeon Overview and Level Annotations

Branches:
Dungeon (10/15)            Temple (0/1) D:5
   Lair: D:8-11         Orc: D:9-12

Altars:
Ashenzari
Cheibriados
Dithmenos
Kikubaaqudgha
Makhleb
Nemelex Xobeh
Vehumet
Beogh

Shops:
D:6 ![

Annotations:
Abyss:1 Prince Ribbit


Innate Abilities, Weirdness & Mutations

You are resistant to damage.
You can heal yourself by infusing magical energy.
You passively map the area around you.
You do not regenerate.


Message History

The yak gores you but does no damage.
The electric eel shoots out a bolt of lightning at you!
The bolt of electricity hits you.
* * * LOW HITPOINT WARNING * * *
The golden eye blinks at you.
You are more confused.
In your confused state, you trip and fall back down the stairs.
The yak seems to return to its normal shape.
The yak gores you!
* * * LOW HITPOINT WARNING * * *
The electric eel shoots out a bolt of lightning at you!
The bolt of electricity hits you!
* * * LOW HITPOINT WARNING * * *
You feel better. The yak gores you.
* * * LOW HITPOINT WARNING * * *
The golden eye blinks at you. You resist with almost no effort.
You block the yak's attack.
Keep disrobing?
Uppercase [Y]es or [N]o only, please.
Keep disrobing?
The electric eel shoots out a bolt of lightning at you!
The bolt of electricity hits you!
* * * LOW HITPOINT WARNING * * *
You start removing your amulet.
You continue taking off your amulet of magic regeneration.
You block the yak's attack.
The electric eel shoots out a bolt of lightning at you!
The bolt of electricity misses you. The golden eye blinks at you.
You resist with almost no effort.
You continue taking off your amulet of magic regeneration.
The yak closely misses you. The golden eye blinks at you.
You resist with almost no effort.
You continue taking off your amulet of magic regeneration.
The golden eye blinks!
The yak closely misses you.
The electric eel shoots out a bolt of lightning at you!
The bolt of electricity hits you!
You die...
Your body disappears without a glow.

* #............,* , ,
........... , , ......... ,
,, , ..'...... ....).. ,,,
, .........# #.....####.
,,, ..........#
#.........., , ,..≈≈......#
#.......... ,
≈≈≈≈≈≈≈≈≈.###..;≈≈≈≈≈≈≈ ,
≈≈≈≈≈≈≈≈≈≈≈≈≈#≈≈@Y≈≈≈;≈≈≈≈≈
≈ ≈≈≈≈≈≈≈≈≈≈≈G≈≈≈≈§≈≈≈≈≈≈≈≈
≈, ≈
≈≈≈≈≈.≈≈≈....≈.≈≈.≈..≈≈≈≈ ≈
≈≈≈≈.........##......≈≈.. ,
≈≈≈..........##.......##. ,
≈≈......#.#+###+#......#
,,,
........#...........##.#*
,,,,
.....<..#..............# ,
, ........#...............,


You could see a yak, 2 electric eels and a golden eye (misshapen).

Vanquished Creatures
  A two-headed ogre (D:5)
  An ugly thing (D:9)
  Maggie (D:6)
  A gargoyle (D:9)
  A dream sheep (D:9)
  A shadow (D:9)
  16 yaks
  A steam dragon (D:6)
  2 water moccasins
  3 orc warriors
  A hornet zombie (D:8)
  A black bear (D:7)
  An ogre (D:5)
  A boggart (D:2)
  4 centaurs
  A phantom (D:7)
  A bullfrog (D:6)
  A scorpion (D:4)
  A water moccasin zombie (D:4)
  9 killer bees (D:9)
  6 wights
  2 howler monkeys
  2 centaur zombies
  A crimson imp (D:3)
  2 bullfrog skeletons (D:6)
  4 hounds
  3 jellies
  3 orc priests
  3 scorpion zombies (D:4)
  6 iguanas
  8 orc wizards
  A centaur skeleton (D:7)
  A mummy (D:7)
  A hound zombie (D:4)
  2 hound skeletons (D:4)
  7 gnolls
  7 adders
  A shadow imp (D:7)
  A white imp (D:7)
  An ufetubus (D:6)
  An adder zombie (D:4)
  An adder skeleton (D:4)
  2 worms
  A dart slug (D:1)
  28 orcs
  5 ball pythons
  2 endoplasms (D:1)
  4 giant cockroaches
  13 goblins
  6 hobgoblins
  8 jackals
  4 quokkas (D:1)
  A bat (D:3)
  3 frilled lizards
  4 kobolds
  A quokka zombie (D:4)
  5 rats
  A bush (D:6)
201 creatures vanquished.

Vanquished Creatures (others)
  A withered plant (D:4)
1 creature vanquished.

Grand Total: 202 creatures vanquished

Notes
Turn   | Place    | Note
-------+----------+-------------------------------------------
     0 | D:1      | ploum the Deep Dwarf Fighter began the quest for the Orb.
     0 | D:1      | Reached XP level 1. HP: 20/20 MP: 1/1
   211 | D:1      | Reached XP level 2. HP: 22/27 MP: 2/2
   399 | D:1      | Found a faded altar of an unknown god.
   402 | D:1      | Became a worshipper of Nemelex Xobeh the Trickster
   402 | D:1      | Reached * piety under Nemelex Xobeh
   402 | D:1      | Received a gift from Nemelex Xobeh
   998 | D:2      | Reached XP level 3. HP: 27/34 MP: 3/3
  1249 | D:2      | Reached XP level 4. HP: 39/42 MP: 4/4
  1375 | D:2      | Reached skill level 3 in Axes
  1421 | D:2      | Noticed Sigmund
  1430 | D:2      | Noticed Sigmund
  1432 | D:2      | Killed Sigmund the boggart
  1433 | D:2      | Reached XP level 5. HP: 19/49 MP: 5/5
  1726 | D:3      | Found a broken altar of Ashenzari.
  1944 | D:3      | Found a radiant altar of Vehumet.
  1947 | D:3      | Found a burning altar of Makhleb.
  1969 | D:3      | Reached skill level 4 in Axes
  1969 | D:3      | Reached skill level 1 in Dodging
  1982 | D:3      | Reached ** piety under Nemelex Xobeh
  2376 | D:4      | Reached XP level 6. HP: 53/56 MP: 4/4
  2825 | D:4      | Reached skill level 5 in Axes
  2967 | D:4      | Reached XP level 7. HP: 57/63 MP: 5/5
  3166 | D:4      | Reached skill level 5 in Shields
  3459 | D:4      | Found an ancient bone altar of Kikubaaqudgha.
  3513 | D:5      | Entered Level 5 of the Dungeon
  3518 | D:5      | Noticed a two-headed ogre
  3547 | D:5      | Killed a two-headed ogre
  3548 | D:5      | Reached skill level 6 in Axes
  3548 | D:5      | Reached XP level 8. HP: 31/73 MP: 5/5
  3628 | D:5      | Reached skill level 7 in Axes
  3682 | D:5      | Found a staircase to the Ecumenical Temple.
  3698 | D:5      | Received a gift from Nemelex Xobeh
  3761 | D:5      | Reached *** piety under Nemelex Xobeh
  4253 | D:6      | Noticed Maggie
  4257 | D:6      | Killed Maggie
  4258 | D:6      | Gained mutation: You passively map the area around you.
                  | [Deep Dwarf growth]
  4258 | D:6      | Reached XP level 9. HP: 64/80 MP: 5/5
  4327 | D:6      | Found Jotiogra's Antique Armour Shop.
  4370 | D:6      | Reached skill level 8 in Axes
  4455 | D:6      | Found Wiuxewn's Distillery.
  4515 | D:6      | Reached skill level 5 in Fighting
  4786 | D:7      | Found a snail-covered altar of Cheibriados.
  4910 | D:7      | Noticed Prince Ribbit
  4942 | D:7      | Banished Prince Ribbit
  4943 | D:7      | Reached skill level 9 in Axes
  4958 | D:7      | Received a gift from Nemelex Xobeh
  5028 | D:7      | Found a shadowy altar of Dithmenos.
  5135 | D:7      | Reached **** piety under Nemelex Xobeh
  5319 | D:8      | Received a gift from Nemelex Xobeh
  5442 | D:8      | Reached XP level 10. HP: 59/90 MP: 5/5
  5539 | D:8      | Reached skill level 10 in Axes
  5974 | D:9      | Received a gift from Nemelex Xobeh
  6189 | D:9      | Noticed a two-headed ogre
  6190 | D:9      | a two-headed ogre changed into a dream sheep
  6250 | D:9      | Noticed a gargoyle
  6256 | D:9      | Killed a gargoyle
  6324 | D:9      | Reached skill level 11 in Axes
  6385 | D:9      | Noticed a purple ugly thing
  6401 | D:9      | Killed a purple ugly thing
  7018 | D:9      | Received a gift from Nemelex Xobeh
  7191 | D:9      | Reached XP level 11. HP: 80/99 MP: 2/2
  7290 | D:9      | Noticed a two-headed ogre
  7303 | D:9      | Reached skill level 5 in Dodging
  7412 | D:10     | Entered Level 10 of the Dungeon
  7458 | D:10     | Killed from afar by an electric eel

Illustrated notes

Levels and vault maps discovered:
D:1:      amcnicky_arrival_blooded_trapdoor, layout_basic,
          hellmonk_ecumenical_altar_defaced_shrine
D:2:      layout_basic, uniq_sigmund
D:3:      layout_basic, grunt_temple_overflow_lords_of_destruction,
          nicolae_ashenzari_skybound, minmay_surrounded
D:4:      kennysheep_the_goblin_king, layout_basic, kennysheep_mini,
          serial_undead, serial_undead_b, serial_undead_b, serial_undead_d,
          serial_undead_b, grunt_ministairs_10, small_statue_alley_b
D:5:      layout_loops_ring, minmay_temple_entry_drinking_statues,
          minmay_stone_trees_medium, minmay_crystal_room
D:6:      layout_rooms, serial_shops, nicolae_shop_statue_plus, shop,
          minmay_misc_feat_rows, kb_lookout_dungeons_type, uniq_maggie
D:7:      layout_cave_pools, overflow_temple_1_default, slow_altar_1,
          uniq_prince_ribbit1
D:8:      layout_basic, hangedman_decor_points
D:9:      layout_roguey, serial_co_window_serial, co_window_paths_b,
          co_window_paths_b, co_window_cross_1, co_window_corner_a,
          co_window_corner_a, co_window_broadway_a, co_window_corner_cb,
          co_window_unsneaky_path_c, co_window_corner_b, co_window_4corner_a,
          co_window_sun, glass_columns_b, glass_columns_b, glass_columns_c,
          glass_columns_a, dk_rats_in_the_wall
D:10:     layout_basic, lair_entry_dummy, erik_orc_1

Skill      XL: |  1  2  3  4  5  6  7  8  9 10 11 |
---------------+----------------------------------+-----
Fighting       | 3 4 5 6 |  6.4
Shields        | 4 5 6 8 9 |  9.8
Axes           | 3 4 5 6 7 9 11 | 11.6
Armour         | 4 6 7 8 |  8.2
Dodging        | 1 2 3 4 5 |  5.0

Action                   |  1- 3 |  4- 6 |  7- 9 | 10-12 || total
-------------------------+-------+-------+-------+-------++-------
Melee: War axe           |    91 |   184 |   131 |       ||   406
       Broad axe         |       |       |   208 |   272 ||   480
Invok: Draw Destruction  |     1 |     2 |     5 |    12 ||    20
       Draw Escape       |       |       |     3 |     1 ||     4
 Abil: Heal Wounds       |     2 |     4 |    20 |    10 ||    36
  Use: Scroll            |       |       |       |     6 ||     6
       Potion            |       |       |       |     1 ||     1
Armor: Scale mail        |    38 |    56 |    83 |    22 ||   199
       Ring mail         |       |       |       |    22 ||    22
Dodge: Dodged            |    27 |    55 |   141 |    87 ||   310
Block: Kite shield       |    67 |    22 |       |       ||    89
       Tower shield      |       |   105 |   381 |   277 ||   763

Table legend: (Time is in decaauts)
 A = Elapsed time spent in this place.
 B = Non-inter-level travel time spent in this place.
 C = Inter-level travel time spent in this place.
 D = Time resting spent in this place.
 E = Time spent auto-exploring this place.
 F = Levels seen in this place.
 G = Mean time per level.
                   A        B        C        D        E       F      G
               +--------+--------+--------+--------+--------+-----+--------+
         Total |   7917 |   7592 |    325 |      0 |   5455 |  10 |  791.7 |
       Dungeon |   7917 |   7592 |    325 |      0 |   5455 |  10 |  791.7 |
               +--------+--------+--------+--------+--------+-----+--------+

Top non-repeatable levels by time:
     D:9: 1507 daAuts
     D:4: 1250 daAuts
     D:1: 943 daAuts
     D:3: 795 daAuts
     D:8: 724 daAuts
     D:5: 723 daAuts
     D:2: 712 daAuts
     D:7: 628 daAuts
     D:6: 581 daAuts
    D:10: 50 daAuts
